TOP OF THE 1ST |
Houston Astros batting - Pitching for St. Louis Cardinals : RHP John D'Acquisto
|
Pitching: RHP John D'Acquisto
|
|
Batting: RHB Mickey Hatcher
|
0-0: Ball 1-0: Foul Ball, location: 2F 1-1: Ball 2-1: Foul Ball, location: 2F 2-2: Strikes out looking
|
Batting: RHB John Castino
|
0-0: Foul Ball, location: 2F 0-1: Ball 1-1: Ground out 5-3 (Groundball, 56, EV 88.1 MPH)
|
Batting: LHB Jose Cruz
|
0-0: Fly out, F9 (Flyball, 89M, EV 79.4 MPH)
|
Top of the 1st over - 0 runs, 0 hits, 0 errors, 0 left on base; Houston 0 - St. Louis 0 |
BOTTOM OF THE 1ST |
St. Louis Cardinals batting - Pitching for Houston Astros : RHP Steve Bedrosian
|
Pitching: RHP Steve Bedrosian
|
|
Batting: SHB Otis Nixon
|
0-0: Called Strike 0-1: Ball 1-1: Ball 2-1: Ball 3-1: Foul Ball, location: 2F 3-2: Base on Balls
|
Batting: LHB Jim Gantner
|
0-0: Called Strike 0-1: Fielders Choice at 2nd, 3-6 (Groundball, 34S, EV 88.8 MPH)
|
Batting: RHB Sixto Lezcano
|
0-0: Ball 1-0: Called Strike 1-1: Foul Ball, location: 2F 1-2: Foul Ball, location: 2F 1-2: Ball 2-2: Strikes out swinging
|
Batting: LHB Pat Putnam
|
0-0: Called Strike 0-1: Ball 1-1: Ball 2-1: 2-RUN HOME RUN (Flyball, 9D, EV 106.9 MPH), Distance : 382 ft
|
Batting: LHB Mike Davis
|
0-0: Ball 1-0: Foul Ball, location: 2F 1-1: Foul Ball, location: 2F 1-2: Ball 2-2: Foul Ball, location: 2F 2-2: Foul Ball, location: 2F 2-2: Ball 3-2: Base on Balls
|
Batting: RHB Joe Torre
|
0-0: Ball 1-0: Called Strike 1-1: Ball 2-1: Ball Mike Davis steals 2nd base 3-1: Base on Balls
|
Batting: SHB Billy E Smith
|
0-0: Called Strike Mike Davis steals 3rd base 0-1: Ball 1-1: Foul Ball, location: 2F 1-2: Ball 2-2: Ball 3-2: Foul Ball, location: 2F 3-2: Ground out U3 (Groundball, 3, EV 92.5 MPH)
|
Bottom of the 1st over - 2 runs, 1 hit, 0 errors, 2 left on base; Houston 0 - St. Louis 2 |
TOP OF THE 2ND |
Houston Astros batting - Pitching for St. Louis Cardinals : RHP John D'Acquisto
|
Batting: RHB Julio Franco
|
0-0: Swinging Strike 0-1: Ground out U3 (Groundball, 34S, EV 86.3 MPH)
|
Batting: SHB Christopher Clark
|
0-0: Ground out 6-3 (Groundball, 6M, EV 79.4 MPH)
|
Batting: RHB Zail Smith
|
0-0: Foul Ball, location: 2F 0-1: Swinging Strike 0-2: Ball 1-2: Fly out, F7 (Flyball, 7S, EV 81.9 MPH)
|
Top of the 2nd over - 0 runs, 0 hits, 0 errors, 0 left on base; Houston 0 - St. Louis 2 |
BOTTOM OF THE 2ND |
St. Louis Cardinals batting - Pitching for Houston Astros : RHP Steve Bedrosian
|
Batting: RHB Craig Stimac
|
0-0: Ball 1-0: Ball 2-0: Ball 3-0: Called Strike 3-1: Foul Ball, location: 2F 3-2: Base on Balls
|
Batting: RHB John D'Acquisto
|
0-0: Sac Bunt to 23 - play at first, batter OUT! 3-4 Craig Stimac to second
|
Batting: SHB Otis Nixon
|
0-0: Ball 1-0: Ball 2-0: Foul Ball, location: 2F 2-1: Foul Ball, location: 2F 2-2: Ball 3-2: Foul Ball, location: 2F 3-2: Ground out 5-3 (Groundball, 56, EV 81.3 MPH)
|
Batting: LHB Jim Gantner
|
0-0: Ball 1-0: Ball 2-0: Foul Ball, location: 2F 2-1: Foul Ball, location: 2F 2-2: Foul Ball, location: 2F 2-2: Fly out, F8 (Flyball, 8LXD, EV 98.8 MPH)
|
Bottom of the 2nd over - 0 runs, 0 hits, 0 errors, 1 left on base; Houston 0 - St. Louis 2 |
TOP OF THE 3RD |
Houston Astros batting - Pitching for St. Louis Cardinals : RHP John D'Acquisto
|
Batting: SHB Tom Herr
|
0-0: SINGLE (Line Drive, 34D, EV 93.8 MPH)
|
Batting: RHB Dave Valle
|
0-0: Ball 1-0: Ball 2-0: Foul Ball, location: 2F 2-1: Called Strike 2-2: Foul Ball, location: 2F 2-2: Ball 3-2: Fly out, F6 (Line Drive, 6, EV 65.0 MPH)
|
Batting: RHB Steve Bedrosian
|
0-0: Called Strike 0-1: Bunted foul 0-2: Bunted foul, Strikeout!
|
Batting: RHB Mickey Hatcher
|
0-0: Ball Tom Herr steals 2nd base 1-0: Ball 2-0: Foul Ball, location: 2F 2-1: Fly out, F7 (Flyball, 7, EV 91.9 MPH)
|
Top of the 3rd over - 0 runs, 1 hit, 0 errors, 1 left on base; Houston 0 - St. Louis 2 |
BOTTOM OF THE 3RD |
St. Louis Cardinals batting - Pitching for Houston Astros : RHP Steve Bedrosian
|
Batting: RHB Sixto Lezcano
|
0-0: Foul Ball, location: 2F 0-1: Foul Ball, location: 2F 0-2: Ball 1-2: SINGLE (Groundball, 56S, EV 66.9 MPH) (infield hit)
|
Batting: LHB Pat Putnam
|
0-0: Called Strike Sixto Lezcano steals 2nd base 0-1: Ball 1-1: SINGLE (Line Drive, 34D, EV 99.4 MPH) Sixto Lezcano to third Runner from 3rd tries for Home, SAFE, throw by RF to home
|
Batting: LHB Mike Davis
|
0-0: Called Strike 0-1: Fly out, F8 (Flyball, 8LD, EV 101.9 MPH)
|
Batting: RHB Joe Torre
|
0-0: Ball 1-0: Fly out, F3 (Popup, 3F, EV 65.6 MPH)
|
Batting: SHB Billy E Smith
|
0-0: Called Strike Pat Putnam steals 2nd base 0-1: Foul Ball, location: 2F 0-2: Strikes out looking
|
Bottom of the 3rd over - 1 run, 2 hits, 0 errors, 1 left on base; Houston 0 - St. Louis 3 |
TOP OF THE 4TH |
Houston Astros batting - Pitching for St. Louis Cardinals : RHP John D'Acquisto
|
Batting: RHB John Castino
|
0-0: Foul Ball, location: 2F 0-1: Ball 1-1: Fly out, F6 (Line Drive, 6, EV 72.5 MPH)
|
Batting: LHB Jose Cruz
|
0-0: Ball 1-0: Called Strike 1-1: Ball 2-1: Swinging Strike 2-2: Strikes out looking
|
Batting: RHB Julio Franco
|
0-0: Called Strike 0-1: Ground out 6-3 (Groundball, 6S, EV 66.3 MPH)
|
Top of the 4th over - 0 runs, 0 hits, 0 errors, 0 left on base; Houston 0 - St. Louis 3 |
BOTTOM OF THE 4TH |
St. Louis Cardinals batting - Pitching for Houston Astros : RHP Steve Bedrosian
|
Batting: RHB Craig Stimac
|
0-0: Called Strike 0-1: Foul Ball, location: 2F 0-2: Fly out, F8 (Flyball, 8RM, EV 95.0 MPH)
|
Batting: RHB John D'Acquisto
|
0-0: Ground out 6-3 (Groundball, 6, EV 108.1 MPH)
|
Batting: SHB Otis Nixon
|
0-0: Ball 1-0: Foul Ball, location: 2F 1-1: Ground out 4-3 (Groundball, 4, EV 103.1 MPH)
|
Bottom of the 4th over - 0 runs, 0 hits, 0 errors, 0 left on base; Houston 0 - St. Louis 3 |
TOP OF THE 5TH |
Houston Astros batting - Pitching for St. Louis Cardinals : RHP John D'Acquisto
|
Batting: SHB Christopher Clark
|
0-0: Ball 1-0: Foul Ball, location: 2F 1-1: Ball 2-1: SINGLE (Flyball, 89M, EV 85.6 MPH)
|
Batting: RHB Zail Smith
|
0-0: Ball 1-0: Fly out, F9 (Flyball, 9D, EV 99.4 MPH)
|
Batting: SHB Tom Herr
|
0-0: Ground out 5-3 (Groundball, 56, EV 106.9 MPH) Christopher Clark to second
|
Batting: RHB Dave Valle
|
0-0: Ball 1-0: Ball 2-0: Ball 3-0: Called Strike 3-1: SINGLE (Line Drive, 7S, EV 110.6 MPH) Christopher Clark to third Runner from 3rd tries for Home, SAFE, throw by LF to home
|
Batting: RHB Steve Bedrosian
|
0-0: Ball 1-0: Ball 2-0: Foul Ball, location: 2F 2-1: Ball Wild Pitch! Dave Valle to second 3-1: Base on Balls
|
Batting: RHB Mickey Hatcher
|
0-0: Fly out, F7 (Line Drive, 7, EV 91.3 MPH)
|
Top of the 5th over - 1 run, 2 hits, 0 errors, 2 left on base; Houston 1 - St. Louis 3 |
BOTTOM OF THE 5TH |
St. Louis Cardinals batting - Pitching for Houston Astros : RHP Steve Bedrosian
|
Batting: LHB Jim Gantner
|
0-0: Called Strike 0-1: Ball 1-1: Called Strike 1-2: Ball 2-2: Fly out, F8 (Flyball, 8LD, EV 91.3 MPH)
|
Batting: RHB Sixto Lezcano
|
0-0: Called Strike 0-1: Foul Ball, location: 2F 0-2: Ball 1-2: SINGLE (Line Drive, 8RS, EV 93.8 MPH)
|
Batting: LHB Pat Putnam
|
0-0: Called Strike Pickoff Throw to First - Error! E1 Sixto Lezcano to second 0-1: Ball 1-1: Swinging Strike 1-2: Fly out, F8 (Flyball, 8RD, EV 99.4 MPH) Runner from 2nd tags up, SAFE at 3rd with throw by CF
|
Batting: LHB Mike Davis
|
0-0: SINGLE (Line Drive, 8LS, EV 100.6 MPH) Sixto Lezcano scores
|
Batting: RHB Joe Torre
|
0-0: Called Strike 0-1: SINGLE (Flyball, 3D, EV 91.9 MPH) Mike Davis to second Runner from 2nd tries for 3rd, SAFE, no throw by RF
|
Batting: SHB Billy E Smith
|
0-0: Ground out 4-3 (Groundball, 4, EV 90.0 MPH)
|
Bottom of the 5th over - 1 run, 3 hits, 1 error, 2 left on base; Houston 1 - St. Louis 4 |
TOP OF THE 6TH |
Houston Astros batting - Pitching for St. Louis Cardinals : RHP John D'Acquisto
|
Batting: RHB John Castino
|
0-0: Called Strike 0-1: Ground out 6-3 (Groundball, 6, EV 103.8 MPH)
|
Batting: LHB Jose Cruz
|
0-0: Ground out 5-3 (Groundball, 56S, EV 80.6 MPH)
|
Batting: RHB Julio Franco
|
0-0: Foul Ball, location: 2F 0-1: Ball 1-1: Foul Ball, location: 2F 1-2: Ball 2-2: Foul Ball, location: 2F 2-2: Foul Ball, location: 2F 2-2: Ball 3-2: Ground out 6-3 (Groundball, 6S, EV 83.8 MPH)
|
Top of the 6th over - 0 runs, 0 hits, 0 errors, 0 left on base; Houston 1 - St. Louis 4 |
BOTTOM OF THE 6TH |
St. Louis Cardinals batting - Pitching for Houston Astros : RHP Steve Bedrosian
|
Batting: RHB Craig Stimac
|
0-0: Called Strike 0-1: Ball 1-1: Called Strike 1-2: Ground out 5-3 (Groundball, 56, EV 78.8 MPH)
|
Batting: RHB John D'Acquisto
|
0-0: Called Strike 0-1: Ball 1-1: Ball 2-1: Ball 3-1: Base on Balls
|
Batting: SHB Otis Nixon
|
0-0: Ball 1-0: Called Strike 1-1: Foul Ball, location: 2F 1-2: Foul Ball, location: 2F 1-2: Ball 2-2: Ball 3-2: Foul Ball, location: 2F 3-2: Fly out, F4 (Popup, 13S, EV 84.4 MPH)
|
Batting: LHB Jim Gantner
|
0-0: Ball 1-0: Foul Ball, location: 2F 1-1: Ball 2-1: Ball Wild Pitch! John D'Acquisto to second 3-1: Base on Balls
|
Batting: RHB Sixto Lezcano
|
0-0: Ground out 4-3 (Groundball, 4, EV 87.5 MPH)
|
Bottom of the 6th over - 0 runs, 0 hits, 0 errors, 2 left on base; Houston 1 - St. Louis 4 |
TOP OF THE 7TH |
Houston Astros batting - Pitching for St. Louis Cardinals : RHP John D'Acquisto
|
Batting: SHB Christopher Clark
|
0-0: Ball 1-0: Called Strike 1-1: Swinging Strike 1-2: Ball 2-2: Ball 3-2: Ground out 4-3 (Groundball, 4S, EV 90.0 MPH)
|
Batting: RHB Zail Smith
|
0-0: Called Strike 0-1: Ball 1-1: Called Strike 1-2: Ground out 6-3 (Groundball, 6, EV 96.3 MPH)
|
Batting: SHB Tom Herr
|
0-0: Called Strike 0-1: Ball 1-1: Fly out, F7 (Line Drive, 7, EV 86.9 MPH)
|
Top of the 7th over - 0 runs, 0 hits, 0 errors, 0 left on base; Houston 1 - St. Louis 4 |
BOTTOM OF THE 7TH |
St. Louis Cardinals batting - Pitching for Houston Astros : RHP Steve Bedrosian
|
Batting: LHB Pat Putnam
|
0-0: Ball 1-0: Called Strike 1-1: Ball 2-1: Foul Ball, location: 2F 2-2: Ball 3-2: Foul Ball, location: 2F 3-2: SOLO HOME RUN (Flyball, 9D, EV 91.3 MPH), Distance : 369 ft
|
Batting: LHB Mike Davis
|
0-0: Ball 1-0: Foul Ball, location: 2F 1-1: Foul Ball, location: 2F 1-2: Ball 2-2: Ground out 3-1 (Groundball, 34S, EV 84.4 MPH)
|
Batting: RHB Joe Torre
|
0-0: Called Strike 0-1: Ground out 6-3 (Groundball, 6, EV 105.6 MPH)
|
Batting: SHB Billy E Smith
|
0-0: Called Strike 0-1: Ball 1-1: Ball 2-1: Foul Ball, location: 2F 2-2: Strikes out swinging
|
Bottom of the 7th over - 1 run, 1 hit, 0 errors, 0 left on base; Houston 1 - St. Louis 5 |
TOP OF THE 8TH |
Houston Astros batting - Pitching for St. Louis Cardinals : RHP John D'Acquisto
|
Batting: RHB Dave Valle
|
0-0: Ball 1-0: Ball 2-0: Fly out, F7 (Line Drive, 7D, EV 88.1 MPH)
|
Pinch Hitting: LHB George Vukovich
|
0-0: SINGLE (Line Drive, 4D, EV 96.9 MPH)
|
Batting: RHB Mickey Hatcher
|
0-0: Foul Ball, location: 2F 0-1: Fly out, F4 (Popup, 34, EV 63.8 MPH)
|
Batting: RHB John Castino
|
0-0: Ball 1-0: Called Strike 1-1: Ball 2-1: Fielders Choice at 2nd, 5-4 (Groundball, 56, EV 80.0 MPH)
|
Top of the 8th over - 0 runs, 1 hit, 0 errors, 1 left on base; Houston 1 - St. Louis 5 |
BOTTOM OF THE 8TH |
St. Louis Cardinals batting - Pitching for Houston Astros : RHP Steve Bedrosian
|
Pitching: RHP Reggie Cleveland
|
|
Batting: RHB Craig Stimac
|
0-0: Ball 1-0: Foul Ball, location: 2F 1-1: Foul Ball, location: 2F 1-2: Foul Ball, location: 2F 1-2: Ball 2-2: Ball 3-2: Foul Ball, location: 2F 3-2: Base on Balls
|
Batting: RHB John D'Acquisto
|
0-0: Bunted foul 0-1: Sac Bunt to 15 - play at first, batter OUT! 1-4 Craig Stimac to second
|
Batting: SHB Otis Nixon
|
0-0: Ball 1-0: Ball 2-0: Foul Ball, location: 2F 2-1: Ball 3-1: Called Strike 3-2: Base on Balls
|
Batting: LHB Jim Gantner
|
0-0: SINGLE (Flyball, 8LS, EV 85.6 MPH) Craig Stimac to third Otis Nixon to second Runner from 3rd tries for Home, SAFE, throw by CF to home
|
Batting: RHB Sixto Lezcano
|
0-0: Ball Otis Nixon steals 3rd base Jim Gantner to second 1-0: Ball 2-0: DOUBLE (Flyball, 89D, EV 94.4 MPH) Otis Nixon scores Jim Gantner scores
|
Batting: LHB Pat Putnam
|
0-0: Ball 1-0: Ball 2-0: Ball 3-0: Called Strike 3-1: Base on Balls
|
Batting: LHB Mike Davis
|
0-0: Fly out, F7 (Line Drive, 7, EV 85.0 MPH)
|
Batting: RHB Joe Torre
|
0-0: SINGLE (Flyball, 3D, EV 90.6 MPH) Sixto Lezcano to third Pat Putnam to second Runner from 3rd tries for Home, SAFE, throw by RF to home
|
Pitching: LHP Richard Thompson
|
|
Batting: SHB Billy E Smith
|
0-0: Foul Ball, location: 2F 0-1: Ball 1-1: Ball 2-1: Ball 3-1: SINGLE (Line Drive, 8RS, EV 111.9 MPH) Pat Putnam to third Joe Torre to second Runner from 3rd tries for Home, SAFE, throw by CF to home
|
Batting: RHB Craig Stimac
|
0-0: Ball 1-0: Ball Wild Pitch! Joe Torre to third Billy E Smith to second 2-0: Ball 3-0: Base on Balls
|
Batting: RHB John D'Acquisto
|
0-0: Called Strike 0-1: Ball 1-1: Called Strike 1-2: Strikes out swinging
|
Bottom of the 8th over - 5 runs, 4 hits, 0 errors, 3 left on base; Houston 1 - St. Louis 10 |
TOP OF THE 9TH |
Houston Astros batting - Pitching for St. Louis Cardinals : RHP John D'Acquisto
|
Pitching: RHP Larry Yount
|
|
Batting: LHB Jose Cruz
|
0-0: Ball 1-0: Called Strike 1-1: Swinging Strike 1-2: Foul Ball, location: 2F 1-2: Ground out 6-3 (Groundball, 6, EV 103.1 MPH)
|
Batting: RHB Julio Franco
|
0-0: Swinging Strike 0-1: Foul Ball, location: 2F 0-2: Hit by Pitch
|
Batting: SHB Christopher Clark
|
0-0: Ball 1-0: Called Strike 1-1: Ball 2-1: Ball 3-1: Base on Balls Julio Franco to second
|
Batting: RHB Zail Smith
|
0-0: SINGLE (Line Drive, 89M, EV 103.8 MPH) Julio Franco to third Christopher Clark to second
|
Batting: SHB Tom Herr
|
0-0: Ball 1-0: Foul Ball, location: 2F 1-1: SINGLE (Flyball, 8LS, EV 99.4 MPH) Julio Franco scores Christopher Clark to third Zail Smith to second
|
Batting: RHB Dave Valle
|
0-0: Ball 1-0: Ball 2-0: Ball 3-0: Base on Balls Christopher Clark scores Zail Smith to third Tom Herr to second
|
Pinch Hitting: SHB Bill D Doran
|
0-0: Ball 1-0: Foul Ball, location: 2F 1-1: Swinging Strike 1-2: Ball 2-2: Ball 3-2: Base on Balls Zail Smith scores Tom Herr to third Dave Valle to second
|
Pitching: RHP Larry Andersen
|
|
Batting: RHB Mickey Hatcher
|
0-0: Fly out, F7 (Flyball, 7D, EV 103.1 MPH) Runner from 3rd tags up, SCORES, no throw by LF Dave Valle to third
|
Batting: RHB John Castino
|
0-0: Called Strike 0-1: Foul Ball, location: 2F 0-2: Ball 1-2: Strikes out swinging
|
Top of the 9th over - 4 runs, 2 hits, 0 errors, 2 left on base; Houston 5 - St. Louis 10 |
|